 Dungeon Crawl Stone Soup version 0.29.1-12-g30fa7ad0bf (webtiles) character file.

Game seed: 7304983975727845940

3 Kagerus the Chiller (level 1, 0/14 HPs)
             Began as a Demigod Ice Elementalist on Dec 19, 2022.
             Slain by a jackal (1 damage)
             ... on level 1 of the Dungeon.
             The game lasted 00:04:55 (215 turns).

Kagerus the Chiller (Demigod Ice Elementalist)       Turns: 215, Time: 00:04:56

Health: 0/14       AC:  2    Str:  9    XL:     1   Next: 33%
Magic:  4/5        EV: 12    Int: 17    God:
Gold:   13         SH:  0    Dex: 14    Spells: 2/3 levels left

rFire   . . .      SeeInvis .   (no weapon)
rCold   . . .      Faith    .   (no shield)
rNeg    . . .      Spirit   .   a - +0 robe
rPois   .          Reflect  .   (no helmet)
rElec   .          Harm     .   (no cloak)
rCorr   .          Rampage  .   (no gloves)
Will    .....                   (no boots)
Stlth   ++........              (no amulet)
HPRegen 0.04/turn               (no ring)
MPRegen 0.09/turn               (no ring)

@: no status effects
A: high MP 1, forlorn, divine attributes
a: no special abilities


You were on level 1 of the Dungeon.
You visited 1 branch of the dungeon, and saw 1 of its levels.

You collected 13 gold pieces.

Inventory:

Armour
 a - a +0 robe (worn)
Scrolls
 c - a scroll of blinking {unknown}
Potions
 b - a potion of magic
 d - a potion of haste {unknown}


   Skills:
 + Level 0.2 Fighting
 - Level 1.7 Dodging
 - Level 1.7 Stealth
 + Level 1.9 Spellcasting
 + Level 3.6 Ice Magic


You had 2 spell levels left.
You knew the following spells:

 Your Spells              Type           Power      Damage    Failure   Level
a - Freeze                Ice            56%        1d7       4%          1

Your spell library contained the following spells:

 Spells                   Type           Power      Damage    Failure   Level
 Slow                     Hex            4%         N/A       21%         1
 Frozen Ramparts          Ice            28%        1d5       13%         3
 Ozocubu's Armour         Ice            14%        N/A       13%         3
 Hailstorm                Conj/Ice       7%         3d4       67%         4


Dungeon Overview and Level Annotations

Branches:
Dungeon (1/15)


Innate Abilities, Weirdness & Mutations

You have an increased reservoir of magic. (+10% MP)
You shall have no god before yourself.
Your divine heritage dramatically boosts your attributes as you level up.


Message History

You hit the rat.
The rat is severely wounded.
The jackal misses you. The rat bites you. The rat misses you.
The rat closely misses you.
The ball python attacks as you move away!
The ball python completely misses you. The ball python closely misses you.
The ball python barely misses you.
You see here a hobgoblin corpse.
The ball python attacks as you move away!
The ball python bites you but does no damage.
The ball python closely misses you. The jackal barely misses you.
The jackal attacks as you move away! The jackal barely misses you.
The jackal attacks as you move away! The jackal completely misses you.
The jackal bites you. The jackal barely misses you. The jackal bites you.
The jackal closely misses you. The jackal bites you.
* * * LOW HITPOINT WARNING * * *
The jackal barely misses you. The jackal bites you.
* * * LOW HITPOINT WARNING * * *
Casting: Freeze (safe; 4% risk of failure)
Confirm with . or Enter, or press ? or * to list all spells.
You don't know that spell.
Unknown command.
Casting: Freeze (safe; 4% risk of failure)
Confirm with . or Enter, or press ? or * to list all spells.
Aiming: Freeze (safe; 4% risk of failure)
Press: ? - help, Shift-Dir - straight line, f - jackal
Aim: a jackal You freeze the jackal.
The jackal is almost dead.
The jackal bites you.
* * * LOW HITPOINT WARNING * * *
You see here a ball python corpse.
You see here a ball python corpse.
The jackal attacks as you move away! The jackal closely misses you.
The jackal misses you. The jackal attacks as you move away!
The jackal bites you.
You die...

##.###..[....... #.# #....##.##.
##########.# #....#
###..........###.###..#.
#................# #...#
#..^.^^.....^^..## #.##
#.#.#.#._P#.#.#.# #.#
#.#P#.#####.#.#.# #.# #..#P#..
.#P#.@### #.#
#...#.#####.#..h..# ##.## ##.#
##..P#.....#.....h###...#####...
##...#####...#...#.†.#.......#.
#..........##...h.#...#####...
#.###########...####h#### #.#
#...............# ##.h.# ##.#
################# ##hS###..#
#r.....##


You could see 3 jackals.

Vanquished Creatures
  2 ball pythons (D:1)
  A hobgoblin (D:1)
3 creatures vanquished.

Notes
Turn   | Place    | Note
-------+----------+-------------------------------------------
     0 | D:1      | Kagerus the Demigod Ice Elementalist began the quest for
                  | the Orb.
     0 | D:1      | Reached XP level 1. HP: 14/14 MP: 5/5
    26 | D:1      | Got Plato's Quarto of Enchantment
   215 | D:1      | Slain by a jackal

Illustrated notes

Levels and vault maps discovered:
D:1:      saegor_arrival_simple_a, layout_rooms,
          shapermc_ecumenical_altar_rom_forum, minmay_misc_feat_tower

Action                   || total
-------------------------++-------
Melee: Unarmed           ||     8
 Cast: Freeze            ||     4
Armor: Robe              ||     2
Dodge: Dodged            ||    21
